 Dungeon Crawl Stone Soup version 0.18-a0-1426-g3b9a63c (webtiles) character file.

50 chei the Sneak (level 3, 0/30 HPs)
             Began as a Naga Enchanter on Feb 27, 2016.
             Slain by an adder (3 damage)
             ... on level 2 of the Dungeon.
             The game lasted 00:02:49 (1887 turns).

chei the Sneak (Naga Enchanter)                     Turns: 1887, Time: 00:02:49

Health: 0/30       AC:  3    Str: 10    XL:     3   Next: 79%
Magic:  5/6        EV: 10    Int: 16    God:
Gold:   41         SH:  0    Dex: 11    Spells: 1 memorised, 5 levels left

rFire  . . .     SeeInvis +     l - +0 dagger (vamp)
rCold  . . .     Gourm    .     b - +1 robe
rNeg   . . .     Faith    .     (no shield)
rPois  +         Spirit   .     (no helmet)
rElec  .         Dismiss  .     (no cloak)
rCorr  .         Reflect  .     (no gloves)
SustAt .         Harm     .     (no barding)
MR     .....                    (no amulet)
Stlth  +++.......               (no ring)
                                (no ring)

@: very slightly contaminated, very slow, not resistant to hostile enchantments,
fairly stealthy
A: see invisible, deformed body, poison resistance, slowness 2, slow metabolism
1, spit poison 2, AC +1
a: Spit Poison


You were on level 2 of the Dungeon.
You were not hungry.

You visited 1 branch of the dungeon, and saw 2 of its levels.

You collected 41 gold pieces.

Inventory:

Hand Weapons
 a - a +1 dagger
 l - a +0 vampiric dagger (weapon)
Armour
 b - a +1 robe (worn)
Scrolls
 e - 2 scrolls of identify {unknown}
 f - a scroll of recharging {unknown}
 i - a scroll of remove curse
Potions
 d - 2 potions of resistance {unknown}
 h - a potion of lignification {unknown}
 j - 2 potions of might {unknown}
Books
 c - a book of Maledictions

   Spells                             Type                      Level
   a - Corona                         Hexes                        1
   b - Ensorcelled Hibernation        Hexes/Ice                    2
   c - Confuse                        Hexes                        3
   d - Tukima's Dance                 Hexes                        3
   e - Dazzling Spray                 Conjuration/Hexes            3
Comestibles
 g - a meat ration
 k - a slice of pizza


   Skills:
 + Level 0.8 Fighting
 + Level 1.4 Short Blades
 + Level 2.0 Dodging
 + Level 5.1 Stealth
 + Level 2.2 Spellcasting
 + Level 3.3 Hexes


You had 5 spell levels left.
You knew the following spells:

 Your Spells              Type           Power        Failure   Level  Hunger
a - Corona                Hex            ##.....      8%          1    #......


Dungeon Overview and Level Annotations

Branches:
Dungeon (2/15)

Altars:
Sif Muna
Yredelemnul


Innate Abilities, Weirdness & Mutations

You cannot wear boots.
Your serpentine skin is tough (AC +1).
You have supernaturally acute eyesight.
Armour fits poorly on your strangely shaped body.
Your system is resistant to poisons.
You cover ground very slowly.
You have a slow metabolism.
You can spit poison.


Message History

You are very lightly contaminated with residual magic.
You hear an indistinct dissonance whispering inside your mind.
The adder bites you.
* * * LOW HITPOINT WARNING * * *
The adder bites you.
* * * LOW HITPOINT WARNING * * *
You have got your breath back.
The adder bites you.
* * * LOW HITPOINT WARNING * * *
You miss the adder. The adder bites you but does no damage.
You hit the adder but do no damage. The adder bites you.
* * * LOW HITPOINT WARNING * * *
You hit the adder.
The adder is moderately wounded.
The adder bites you but does no damage.
The giant newt bites you but does no damage.
You miss the adder.
The adder is moderately wounded.
The adder bites you.
You die...

#..#.# #..# ##....<##...
#>#.####..### ####...#.# ##.
#.....##..... ......##... .
##.........# ##..#...[....#
#####...#.#.... .....## ###..
#.#............).###.### .. .#
......._.#..####..##.#####.####.
............#####l..$..)†.......
...#.....##...#.@S.#.########...
#. ##########...##...# #
#............# #..########(..# #
#...# #...# #.... #...## #...#


You could see an adder and a giant newt.

Vanquished Creatures
  An adder (D:2)
  An ooze (D:1)
  A worm (D:2)
  A dart slug (D:1)
  A giant gecko (D:1)
  A giant cockroach (D:1)
  6 goblins
  4 hobgoblins (D:1)
  3 bats
  5 giant newts
  4 kobolds
  3 rats (D:1)
31 creatures vanquished.

Vanquished Creatures (others)
  A kobold (D:2)
1 creature vanquished.

Grand Total: 32 creatures vanquished

Notes
Turn   | Place    | Note
--------------------------------------------------------------
     0 | D:1      | chei the Naga Enchanter began the quest for the Orb.
     0 | D:1      | Reached XP level 1. HP: 15/15 MP: 3/3
   125 | D:1      | Reached XP level 2. HP: 22/22 MP: 5/5
  1234 | D:1      | Reached XP level 3. HP: 22/28 MP: 6/6
  1661 | D:2      | Reached skill level 5 in Stealth
  1788 | D:2      | Found a basalt altar of Yredelemnul.
  1819 | D:2      | Found a deep blue altar of Sif Muna.
  1887 | D:2      | Slain by an adder

Vault maps used:
D:1:      wheals_arrival_shading
D:2:      yredelemnul_altar_generic, overflow_temple_1_default

Skill      XL: |  1  2  3 |
---------------+----------+-----
Stealth        | 5 |  5.1
Dodging        | 2 |  2.0
Fighting       | |  0.8
Short Blades   | |  1.4
Spellcasting   | |  2.2
Hexes          | |  3.3

Action                   || total
-------------------------++-------
Melee: Dagger            ||   108
 Cast: Corona            ||     1
 Abil: Spit Poison       ||     5
  Use: Scroll            ||     1
 Stab: Sleeping          ||     8
  Eat: Bread ration      ||     1
       Beef jerky        ||     1
       Chunk             ||     1
